 Dungeon Crawl Stone Soup version 0.31-a0-1300-gb6740aa4e6 (webtiles) character file.

Game seed: 2507146435939350648

36908 Twinkles the Grappler (level 13, -8/135 HPs)
             Began as a Troll Fighter on Dec 19, 2023.
             Was a High Priest of Okawaru.
             Mangled by a seven-headed hydra (13 damage)
             ... on level 5 of the Lair of Beasts.
             The game lasted 00:39:06 (13224 turns).

Twinkles the Grappler (Troll Fighter)              Turns: 13224, Time: 00:39:06

Health: -8/135     AC: 12    Str: 31    XL:     13   Next: 55%
Magic:  18/19      EV: 17    Int:  8    God:    Okawaru [*****.]
Gold:   1087       SH: 16    Dex:  9    Spells: 12/12 levels left

rFire   + . .        b - +5 mace "Hoyxuvou" {heavy, rF+ Int+4 Stlth+}
rCold   . . .        F - +0 kite shield
rNeg    . . .        g - +0 troll leather armour
rPois   .            C - +2 hat
rElec   .            v - +0 cloak
rCorr   .            (gloves unavailable)
SInv    .            (boots unavailable)
Will    .....        c - amulet of reflection
Stlth   +++          l - +5 ring of evasion
HPRegen 2.02/turn    u - +4 ring of protection
MPRegen 0.16/turn

%: reflection
@: heroic
A: large, unfitting armour, claws 3, regeneration 1, shaggy fur 1, tough skin 1
a: Renounce Religion, Heroism, Finesse, Duel


You were on level 5 of the Lair of Beasts.
You worshipped Okawaru.
Okawaru was extremely pleased with you.
You visited 3 branches of the dungeon, and saw 16 of its levels.

You collected 1087 gold pieces.

Inventory:

Hand Weapons
 b - the +5 mace "Hoyxuvou" (weapon) {heavy, rF+ Int+4 Stlth+}
   (You found it on level 10 of the Dungeon)

   Int+4:     It affects your intelligence (+4).
   rF+:       It protects you from fire.
   Stlth+:    It makes you more stealthy.
 h - a +0 whip of venom
 x - a +2 dagger of flaming
Missiles
 w - 3 throwing nets (quivered)
 z - 24 poisoned darts
 O - 2 atropa-tipped darts
Armour
 g - a +0 troll leather armour (worn)
 r - a +2 robe of fire resistance
 v - a +0 cloak (worn)
 C - a +2 hat (worn)
 F - a +0 kite shield (worn)
 K - a +2 robe of cold resistance
Jewellery
 c - an amulet of reflection (around neck)
 l - a +5 ring of evasion (left claw)
 s - a +6 ring of dexterity
 u - a +4 ring of protection (right claw)
 A - an amulet of guardian spirit
 I - a ring of ice
Wands
 i - a wand of roots (5)
 p - a wand of paralysis (5)
 q - a wand of flame (55)
 y - a wand of mindburst (17)
 H - a wand of light (6)
Scrolls
 a - 2 scrolls of immolation {unknown}
 e - a scroll of poison
 f - 3 scrolls of amnesia {unknown}
 j - 3 scrolls of fog {unknown}
 k - 3 scrolls of noise {unknown}
 m - 2 scrolls of revelation {unknown}
 t - a scroll of enchant weapon
 D - 3 scrolls of blinking
 E - 2 scrolls of fear
 P - a scroll of enchant armour {unknown}
 R - a scroll of silence {unknown}
 Y - 4 scrolls of teleportation
 Z - 6 scrolls of identify
Potions
 d - a potion of resistance {unknown}
 n - 6 potions of enlightenment
 B - a potion of brilliance
 G - 8 potions of ambrosia
 J - 4 potions of curing
 L - a potion of cancellation {unknown}
 M - 4 potions of might
 N - 6 potions of heal wounds
 Q - a potion of magic
 T - 2 potions of berserk rage
 U - 6 potions of mutation


   Skills:
 + Level 10.5(15.5) Fighting
 - Level 5.0(10.0) Throwing
 - Level 8.0(13.0) Dodging
 + Level 7.7(12.7) Shields
 + Level 12.1(17.1) Unarmed Combat
 + Level 9.6 Invocations


You had 12 spell levels left.
You didn't know any spells.
Your spell library contained the following spells:

 Spells                   Type           Power      Damage    Failure   Level
 Apportation              Tloc           0%         N/A       56%         1
 Kiss of Death            Conj/Necr      0%         2d5       56%         1
 Necrotise                Necr           0%         1d4       56%         1
 Jinxbite                 Hex            0%         N/A       71%         2
 Scorch                   Fire           0%         2d5       71%         2
 Static Discharge         Conj/Air       0%         3-3/arc   71%         2
 Wereblood                Tmut           0%         N/A       71%         2
 Confusing Touch          Hex            0%         N/A       91%         3
 Stone Arrow              Conj/Erth      0%         3d7       91%         3
 Vampiric Draining        Necr           0%         2d6       91%         3
 Airstrike                Air            0%         2d(0-16)  100%        4
 Dispel Undead            Necr           0%         3d6       100%        4
 Flame Wave               Conj/Fire      0%         2d4       100%        4
 Agony                    Necr           0%         N/A       100%        5
 Alistair's Intoxication  Tmut/Pois      0%         N/A       100%        5
 Irradiate                Conj/Tmut      0%         3d11      100%        5
 Lehudib's Crystal Spear  Conj/Erth      0%         10d2      100%        8
 Summon Small Mammal      Summ           Unusable   N/A       N/A         1
 Animate Armour           Summ/Erth      Unusable   N/A       N/A         4
 Summon Lightning Spire   Summ/Air       Unusable   N/A       N/A         4
 Summon Cactus Giant      Summ           Unusable   N/A       N/A         6

Dungeon Overview and Level Annotations

Branches:
Dungeon (10/15) Zot: 25951  Temple (1/1) D:5 Zot: 5917    Lair (5/5) D:9 Zot: 26195
  Swamp (0/4) Lair:2       Spider (0/4) Lair:3        Slime (0/5) Lair:4
    Orc: D:9-12

Altars:
Ashenzari
Cheibriados
Dithmenos
Elyvilon
Fedhas
Gozag
Hepliaklqana
Kikubaaqudgha
Makhleb
Nemelex Xobeh
Okawaru
Qazlal
Ru
Sif Muna
Trog
Uskayaw
Vehumet
Wu Jian
Xom
Yredelemnul
Zin
The Shining One
Jiyva

Shops:
D:6 :

Annotations:
D:7 exclusions: electric eel and 1 more exclusion
Lair:1 2 transporters, benadryl's ghost, journeyman DrCj
Lair:3 exclusion: oklob plant


Innate Abilities, Weirdness & Mutations

You are too large for most types of armour.
You have claws for hands.
Your natural rate of healing is unusually fast.
You are covered in fur. (AC +1)
You have tough skin. (AC +1)


Message History

You block the seven-headed hydra's attack.
The seven-headed hydra misses you.
You block the seven-headed hydra's attack. x2
The seven-headed hydra bites you! The seven-headed hydra bites you.
The seven-headed hydra completely misses you.
The seven-headed hydra bites you. The seven-headed hydra bites you!
* * * LOW HITPOINT WARNING * * *
The seven-headed hydra bites you!
* * * LOW HITPOINT WARNING * * *
The seven-headed hydra bites you.
* * * LOW HITPOINT WARNING * * *
The seven-headed hydra bites you.
* * * LOW HITPOINT WARNING * * *
The seven-headed hydra closely misses you.
You sock the seven-headed hydra!
The seven-headed hydra is almost dead.
You block the seven-headed hydra's attack.
The seven-headed hydra closely misses you.
The seven-headed hydra bites you!
* * * LOW HITPOINT WARNING * * *
You block the seven-headed hydra's attack.
The seven-headed hydra completely misses you.
You block the seven-headed hydra's attack.
The seven-headed hydra barely misses you.
You barely miss the seven-headed hydra.
The seven-headed hydra is almost dead.
The seven-headed hydra barely misses you.
The seven-headed hydra bites you.
* * * LOW HITPOINT WARNING * * *
You block the seven-headed hydra's attack.
The seven-headed hydra completely misses you.
You block the seven-headed hydra's attack.
The seven-headed hydra misses you.
You block the seven-headed hydra's attack.
The seven-headed hydra misses you. The seven-headed hydra bites you.
* * * LOW HITPOINT WARNING * * *
The seven-headed hydra barely misses you.
The seven-headed hydra bites you but does no damage. x2
The seven-headed hydra bites you!
You die...

### ..# #(## .# .(.# .#
#..# .## #(. ..# .# ##...
..# #.# #.#.# ..# ... #.D#
.## ..## ###@###
.P#######..###.....# ###
.##.....#..P.#....###.....
..........................
..#...#...........#PP.##..
###..###.........######
#..###..........##
#...###..........#
##..#.##.........##


You could see a seven-headed hydra.

Vanquished Creatures
  Harold (Lair:2)
  Fannar (Lair:1)
  A hydra (Lair:5)
  A catoblepas (Lair:2)
  A boulder beetle (Lair:5)
  3 death yaks (Lair:3)
  Nergalle (D:9)
  A skyshark (Lair:4)
  Maurice (D:8)
  Joseph (D:10)
  6 black mambas
  3 elephants (Lair:4)
  Maggie (D:10)
  14 cane toads
  Jeremiah (D:7)
  A kobold demonologist (D:9)
  5 komodo dragons
  5 trolls
  3 polar bears
  A queen bee (D:10)
  A hornet (D:9)
  9 blink frogs
  5 dream sheep
  Sigmund (D:6)
  5 wyverns
  36 yaks
  3 basilisks
  4 steam dragons
  8 vampire mosquitoes (D:10)
  An acid dragon (D:10)
  Duvessa (D:7)
  14 water moccasins
  4 orc warriors
  A swamp drake (Lair:2)
  3 black bears
  3 sky beasts
  5 ogres
  16 wolves
  4 centaurs
  A phantom (D:4)
  2 kobold brigands
  11 bullfrogs
  A wyvern zombie (D:6)
  A scorpion (D:6)
  Dowan (D:7)
  31 killer bees
  2 howler monkeys
  5 electric eels
  A lava snake (D:10)
  4 bullfrog zombies (D:6)
  2 centaur zombies (D:6)
  3 hounds
  4 jellies
  A gnoll bouda (D:4)
  13 orc priests
  4 iguanas
  14 orc wizards
  5 gnolls (D:4)
  6 adders
  4 shadow imps
  A white imp (D:6)
  2 ufetubi (D:5)
  2 worms
  4 dart slugs
  44 orcs
  6 bats
  12 endoplasms
  7 giant cockroaches
  7 goblins
  5 hobgoblins
  2 jackals (D:4)
  6 quokkas
  8 ball pythons
  A frilled lizard (D:3)
  14 kobolds
  5 rats
418 creatures vanquished.

Vanquished Creatures (others)
  A yak (Lair:2)
1 creature vanquished.

Grand Total: 419 creatures vanquished

Notes
Turn   | Place    | Note
-------+----------+-------------------------------------------
     0 | D:1      | Twinkles the Troll Fighter began the quest for the Orb.
     0 | D:1      | Reached XP level 1. HP: 22/22 MP: 0/0
    40 | D:1      | Found a faded altar of an unknown god.
   170 | D:1      | Reached XP level 2. HP: 29/29 MP: 1/1
   706 | D:2      | Reached XP level 3. HP: 36/36 MP: 2/2
   871 | D:2      | Identified the +0 chain mail "Vughac" {rN+}
   890 | D:2      | Identified the +0 robe "Zelir" {rF++ rC+ Int+4 Dex-2}
  1407 | D:2      | HP: 11/37 [orc priest/+0 short sword (3)]
  1409 | D:2      | HP: 3/37 [orc priest/divine providence (10)]
  1412 | D:2      | Reached skill level 3 in Unarmed Combat
  1412 | D:2      | Reached XP level 4. HP: 6/45 MP: 3/3
  1417 | D:2      | HP: 9/45 [something (1)]
  1418 | D:2      | HP: 1/45 [something/magic dart (9)]
  1466 | D:3      | Reached XP level 5. HP: 52/53 MP: 4/4
  1866 | D:3      | You fall into a shaft and drop 2 floors!
  1866 | D:5      | Entered Level 5 of the Dungeon
  1981 | D:5      | Noticed a black bear
  2006 | D:6      | Noticed an ogre
  2013 | D:5      | Killed a black bear
  2014 | D:5      | Reached skill level 4 in Unarmed Combat
  2014 | D:5      | Reached XP level 6. HP: 60/62 MP: 5/5
  2100 | D:4      | Reached XP level 7. HP: 69/71 MP: 6/6
  2310 | D:3      | Reached skill level 5 in Unarmed Combat
  2688 | D:4      | Reached skill level 5 in Fighting
  2812 | D:4      | Found a sparkling altar of Nemelex Xobeh.
  3016 | D:4      | Reached skill level 5 in Dodging
  3016 | D:4      | Reached XP level 8. HP: 80/80 MP: 7/7
  3304 | D:5      | Found an ornate altar of the Wu Jian Council.
  3311 | D:5      | Reached skill level 6 in Unarmed Combat
  3444 | D:5      | Found a staircase to the Ecumenical Temple.
  3460 | Temple   | Entered the Ecumenical Temple
  3533 | Temple   | Became a worshipper of Warmaster Okawaru
  3628 | D:5      | Found a glowing silver altar of Zin.
  3629 | D:5      | Noticed an angel
  3826 | D:6      | Reached skill level 1 in Invocations
  3984 | D:6      | Found Curhuucw's Book Shop.
  4285 | D:6      | Found a shimmering altar of Xom.
  4302 | D:6      | Reached * piety under Okawaru
  4350 | D:6      | Found a basalt altar of Yredelemnul.
  4382 | D:6      | Reached XP level 9. HP: 89/89 MP: 9/9
  4475 | D:6      | Noticed Sigmund
  4500 | D:6      | Killed Sigmund
  4501 | D:6      | Reached skill level 7 in Unarmed Combat
  5015 | D:7      | Found a white marble altar of Elyvilon.
  5031 | D:7      | Reached ** piety under Okawaru
  5468 | D:7      | Noticed Jeremiah
  5535 | D:7      | Killed Jeremiah
  5586 | D:7      | Noticed Duvessa
  5598 | D:7      | Killed Duvessa
  5598 | D:7      | Noticed Dowan
  5606 | D:7      | Killed Dowan
  5974 | D:8      | Noticed Maurice
  6036 | D:8      | Maurice stole a +2 dagger of flaming
  6085 | D:8      | Killed Maurice
  6086 | D:8      | Reached skill level 8 in Unarmed Combat
  6086 | D:8      | Reached XP level 10. HP: 89/102 MP: 6/12
  6190 | D:8      | Reached *** piety under Okawaru
  6785 | D:8      | Reached skill level 5 in Invocations
  7484 | D:9      | Found a snail-covered altar of Cheibriados.
  7521 | D:9      | Reached **** piety under Okawaru
  7522 | D:9      | Reached skill level 9 in Unarmed Combat
  7820 | D:9      | Found an ancient bone altar of Kikubaaqudgha.
  7820 | D:9      | Found a glowing golden altar of the Shining One.
  7821 | D:9      | Found a sacrificial altar of Ru.
  7925 | D:9      | Found a staircase to the Lair.
  7930 | D:9      | Found a blossoming altar of Fedhas.
  8277 | D:10     | Entered Level 10 of the Dungeon
  8294 | D:10     | Reached XP level 11. HP: 111/111 MP: 14/14
  8556 | D:10     | Found a radiant altar of Vehumet.
  8581 | D:10     | Identified the +5 mace "Hoyxuvou" {heavy, rF+ Int+4 Stlth+}
  8632 | D:10     | Found an opulent altar of Gozag.
  8662 | D:10     | Noticed Maggie
  8668 | D:10     | Noticed Joseph
  8676 | D:10     | Killed Maggie
  8682 | D:10     | Killed Joseph
  8999 | D:10     | Reached skill level 10 in Unarmed Combat
  9027 | D:10     | Reached ***** piety under Okawaru
  9251 | D:10     | Found a bloodstained altar of Trog.
  9322 | Lair:1   | Entered Level 1 of the Lair of Beasts
  9342 | Lair:1   | Noticed Nergalle
  9350 | D:9      | Killed Nergalle
  9362 | Lair:1   | Reached skill level 5 in Shields
  9465 | Lair:1   | Reached XP level 12. HP: 123/123 MP: 16/16
  9496 | Lair:1   | Received a gift from Okawaru
  9589 | Lair:1   | Noticed Fannar
  9613 | Lair:1   | Killed Fannar
  9642 | Lair:1   | Reached skill level 1 in Throwing
  9663 | Lair:1   | Noticed benadryl's ghost (journeyman DrCj)
  9678 | Lair:1   | Found a transporter.
  9680 | Lair:1   | Found a transporter.
 10399 | Lair:2   | Reached skill level 11 in Unarmed Combat
 10416 | Lair:2   | Found a staircase to the Swamp.
 10451 | Lair:2   | Noticed Harold
 10481 | Lair:2   | Killed Harold
 10481 | Lair:2   | Received a gift from Okawaru
 10677 | Lair:2   | Noticed a catoblepas
 10691 | Lair:2   | Killed a catoblepas
 11276 | Lair:3   | Noticed a death yak
 11276 | Lair:3   | Noticed a death yak
 11276 | Lair:3   | Noticed a death yak
 11294 | Lair:3   | Killed a death yak
 11299 | Lair:3   | Killed a death yak
 11299 | Lair:3   | Received a gift from Okawaru
 11306 | Lair:3   | Killed a death yak
 11466 | Lair:2   | Reached skill level 10 in Fighting
 11480 | Lair:2   | Reached XP level 13. HP: 132/133 MP: 18/18
 11542 | Lair:3   | Found a hole to the Spider Nest.
 12372 | Lair:4   | Received a gift from Okawaru
 12437 | Lair:4   | Found a staircase to the Slime Pits.
 12437 | Lair:4   | Found a viscous altar of Jiyva.
 12853 | Lair:5   | Entered Level 5 of the Lair of Beasts
 12907 | Lair:5   | Reached skill level 5 in Throwing
 12926 | Lair:5   | Reached skill level 12 in Unarmed Combat
 13098 | Lair:5   | Received a gift from Okawaru
 13222 | Lair:5   | HP: 30/135 [seven-headed hydra (12)]
 13222 | Lair:5   | HP: 13/135 [seven-headed hydra (3)]
 13224 | Lair:5   | HP: 5/135 [seven-headed hydra (5)]
 13224 | Lair:5   | Mangled by a seven-headed hydra

Illustrated notes

Levels and vault maps discovered:
D:1:      spicycebolla_arrival_clurvy, layout_basic,
          dreamdust_ecumenical_altar_statues, kennysheep_decorative_pillar
D:2:      layout_loops_cross, serial_bayou, serial_bayou_pond_d,
          serial_bayou_shore_b, serial_bayou_lagoon_a, serial_bayou_pond_e,
          serial_bayou_lake_a, serial_bayou_pond_b
D:3:      layout_loops_cross
D:4:      layout_loops_ring, lemuel_tele_altar
D:5:      layout_layer_cave, mainiacjoe_overflow_tiny_flanked, zin_angel,
          minmay_temple_entry_junction_2, st_stairs_8, grunt_ministairs_8
D:6:      layout_loops_corners, nicolae_yredelemnul_corpse_copse,
          xom_teletrap_fun, serial_shops, shop_fountains,
          serial_library_hellmonk_octagon, uniq_sigmund
D:7:      layout_gridville, mainiacjoe_overflow_boulevard, serial_bayou,
          serial_bayou_shore_b, serial_bayou_shore_a, serial_bayou_crossing,
          serial_bayou_pond_e, uniq_jeremiah, uniq_duvessa
D:8:      layout_layer_cave, serial_bayou, serial_bayou_ford_a,
          serial_bayou_pond_d, serial_bayou_pond_c, serial_bayou_pond_b,
          uniq_maurice
D:9:      lemuel_troll_bridge, layout_long_grid, old_standard_altar,
          gammafunk_temple_overflow_forgotten, mainiacjoe_overflow_cross_hatched
D:10:     layout_long_grid, nicolae_gozag_cash_rules_everything_around_me,
          nicolae_vehumet_altar_sigil, lightli_temple_of_fire, special_room
          [special_room_bee], chequers_serial_rivers_micro_c,
          kennysheep_generic_room_11, uniq_maggie, uniq_joseph
Temple:   hellmonk_temple_two_chambers
Lair:1:   layout_regular_city, nzn_ghost_randoct, wad_woods_road_03,
          uniq_nergalle, uniq_fannar
Lair:2:   layout_loops_ring, minmay_swamp_entry_reptiles, serial_bayou_shore_b,
          lemuel_fruit_fields, lemuel_fruit_tree, uniq_harold
Lair:3:   layout_gridlike, dummy_spider_entry, grunt_megastairs_4
Lair:4:   layout_roguey, nicolae_slime_entry_slimehenge, serial_bayou_lagoon_b
Lair:5:   hellmonk_lair_end_abyssal_woods, layout_small_grid, grunt_megastairs_3

Skill      XL: |  1  2  3  4  5  6  7  8  9 10 11 12 13 |
---------------+----------------------------------------+-----
Fighting       | 3 4 5 6 7 8 9 10 | 10.5
Dodging        | 3 4 5 7 8 |  8.0
Unarmed Combat | 3 4 5 6 8 9 10 11 12 | 12.1
Invocations    | 2 4 6 7 8 9 |  9.6
Shields        | 5 6 7 |  7.7
Throwing       | 4 5 |  5.0

Action                     |  1- 3 |  4- 6 |  7- 9 | 10-12 | 13-15 || total
---------------------------+-------+-------+-------+-------+-------++-------
  Melee: Unarmed           |   108 |   122 |   361 |   623 |   183 ||  1397
         Mace              |       |       |       |       |    11 ||    11
  Throw: Dart              |       |       |       |    11 |     1 ||    12
         Large rock        |       |       |       |       |     5 ||     5
 Invoke: Heroism           |       |       |     4 |    12 |     3 ||    19
         Finesse           |       |       |       |     1 |       ||     1
  Evoke: Wand              |       |       |     1 |     8 |     1 ||    10
    Use: Scroll            |       |     3 |     3 |     8 |       ||    14
   Stab: Sleeping          |     1 |     2 |     1 |       |       ||     4
 Armour: Robe              |    39 |    55 |   116 |    65 |       ||   275
         Troll leather arm |       |       |       |   157 |   106 ||   263
  Dodge: Dodged            |    23 |    35 |   111 |   292 |   123 ||   584
  Block: Kite shield       |    53 |    57 |   181 |   448 |   154 ||   893
         Reflection        |       |       |     8 |     4 |       ||    12

Table legend: (Time is in decaauts)
 A = Elapsed time spent in this place.
 B = Non-inter-level travel time spent in this place.
 C = Inter-level travel time spent in this place.
 D = Time resting spent in this place.
 E = Time spent auto-exploring this place.
 F = Levels seen in this place.
 G = Mean time per level.
                   A        B        C        D        E       F      G
               +--------+--------+--------+--------+--------+-----+--------+
         Total |  13127 |  12456 |    671 |    297 |   9174 |  16 |  820.4 |
       Dungeon |   9242 |   8779 |    463 |    255 |   6498 |  10 |  924.2 |
        Temple |     82 |      2 |     80 |      0 |      0 |   1 |   82.0 |
          Lair |   3802 |   3674 |    128 |     42 |   2676 |   5 |  760.4 |
               +--------+--------+--------+--------+--------+-----+--------+

Top non-repeatable levels by time:
     D:8: 1310 daAuts
     D:6: 1155 daAuts
     D:7: 1054 daAuts
  Lair:2: 1034 daAuts
     D:9: 1001 daAuts
    D:10: 984 daAuts
  Lair:3: 908 daAuts
  Lair:1: 877 daAuts
     D:4: 853 daAuts
     D:2: 808 daAuts
     D:5: 769 daAuts
     D:1: 658 daAuts
     D:3: 645 daAuts
  Lair:4: 617 daAuts
  Lair:5: 364 daAuts
